 Dungeon Crawl Stone Soup version 0.25-a0-108-gda8bd6cf83 (webtiles) character file.

Game seed: 17131132315916447869, levelgen mode: deterministic

21 mortelune the Poker (level 2, -1/22 HPs)
             Began as a Demonspawn Wanderer on Nov 17, 2019.
             Succumbed to a goblin's poison
             ... on level 2 of the Dungeon.
             The game lasted 00:01:56 (1147 turns).

mortelune the Poker (Demonspawn Wanderer)           Turns: 1147, Time: 00:01:56

Health: -1/22      AC:  5    Str: 12    XL:     2   Next: 65%
Magic:  2/2        EV: 10    Int: 19    God:
Gold:   99         SH:  0    Dex: 11    Spells: 1/1 levels left

rFire    . . .     SeeInvis .   g - +0 hand axe
rCold    . . .     Gourm    .   (no shield)
rNeg     . . .     Faith    .   d - +0 ring mail
rPois    .         Spirit   .   (helmet restricted)
rElec    .         Reflect  .   (no cloak)
rCorr    .         Harm     .   (no gloves)
MR       .....                  (no boots)
Stlth    +.........             (no amulet)
HPRegen  0.07/turn              (no ring)
MPRegen  0.08/turn              (no ring)

@: brilliant, lethally poisoned (-1 -> -19)
A: antennae 1
a: no special abilities


You were on level 2 of the Dungeon.
You were not hungry.

You visited 1 branch of the dungeon, and saw 2 of its levels.

You collected 99 gold pieces.

Inventory:

Hand Weapons
 a - a +0 club
 g - a +0 hand axe (weapon)
Missiles
 b - 3 throwing nets (quivered)
Armour
 d - a +0 ring mail (worn)
 e - a +0 leather armour
 k - a cursed +0 robe
Scrolls
 c - a scroll of teleportation
 l - a scroll of blinking {unknown}
 n - 2 scrolls of fog
Potions
 h - a potion of berserk rage {unknown}
 i - a potion of haste {unknown}
 j - a potion of magic {unknown}
Comestibles
 f - a ration
 m - 4 chunks of flesh


   Skills:
 + Level 1.7 Fighting
 + Level 1.0(2.0) Axes
   Level 2.6(2.8) Polearms
 - Level 1.0 Throwing
 + Level 2.2 Armour
 - Level 1.0 Dodging
 - Level 1.0 Stealth
   Level 1.0 Shields


You had one spell level left.
You didn't know any spells.
Your spell library was empty.

Dungeon Overview and Level Annotations

Branches:
Dungeon (2/15)

Altars:


Innate Abilities, Weirdness & Mutations

You have a pair of small antennae on your head.


Message History

A jackal comes into view.
You feel sick.
The jackal barks! x2
You feel sick.
A quokka comes into view.
You feel sick.
A rat comes into view.
You feel sick.
* * * LOW HITPOINT WARNING * * *
You feel sick.
The goblin hits you with a +0 dagger of venom.
* * * LOW HITPOINT WARNING * * *
* * * LOW HITPOINT WARNING * * *
You feel sick.
* * * LOW HITPOINT WARNING * * *
You feel sick.
You see here 19 stones.
It was a potion of brilliance.
You feel clever all of a sudden.
You die...

#...................###..#
....................<......##
.................[....##.....
.............................
..........)...........##..#..
......[....................?.
.............................
.........................)..
........#.<@.##....$.......
.....>.###..h##............
####### ###..g#...........
#.g.h...........
##..#l........##
##.#.r..%.....#
#............. ##...........#
##..........#


You could see a quokka, 2 jackals, a hobgoblin, a goblin and a frilled lizard.

Vanquished Creatures
  2 dart slugs (D:1)
  2 bats
  A giant cockroach (D:1)
  A goblin (D:1)
  4 hobgoblins
  A frilled lizard (D:1)
  4 kobolds
  2 rats (D:1)
17 creatures vanquished.

Notes
Turn   | Place    | Note
-------+----------+-------------------------------------------
     0 | D:1      | mortelune the Demonspawn Wanderer began the quest for the
                  | Orb.
     0 | D:1      | mortelune set off with the following items: a +0 club, 3
                  | throwing nets, a scroll of teleportation, a +0 ring mail, a
                  | +0 leather armour, a ration
     0 | D:1      | Reached XP level 1. HP: 15/15 MP: 1/1
   505 | D:1      | Gained mutation: You have a pair of small antennae on your
                  | head. [demonic ancestry]
   505 | D:1      | Reached XP level 2. HP: 12/21 MP: 2/2
  1029 | D:2      | Reached skill level 1 in Axes
  1146 | D:2      | HP: 1/22 [poisoned by a goblin]
  1147 | D:2      | Succumbed to a goblin's poison

Levels and vault maps discovered:
D:1:      tarquinn_simple_flora_water_e, layout_loops_ring
D:2:      layout_rooms, grunt_dithmenos_smoke_and_mirrors, first_ration,
          kennysheep_generic_room_14

Skill      XL: |  1  2 |
---------------+-------+-----
Armour         | 2 |  2.2
Axes           | 1 |  1.0
Fighting       | |  1.7
Polearms       | |  2.6
Throwing       | |  1.0
Dodging        | |  1.0
Stealth        | |  1.0
Shields        | |  1.0

Action                   || total
-------------------------++-------
Melee: Hand axe          ||    49
       Club              ||    11
  Use: Scroll            ||     1
       Potion            ||     1
  Eat: Chunk             ||     1
Armor: Ring mail         ||    20
Dodge: Dodged            ||    28

Table legend:
 A = Non-vault XP
 B = Vault XP
 C = Vault XP percentage of total XP
 D = Non-vault monster count
 E = Vault monster count
 F = Vault count percentage of total count
                 A         B        C        D         E       F
            +---------+---------+-------+---------+---------+-------
      Total |      31 |       0 |   0.0 |      17 |       0 |   0.0
            +---------+---------+-------+---------+---------+-------
        D:1 |      26 |       0 |   0.0 |      14 |       0 |   0.0
        D:2 |       5 |       0 |   0.0 |       3 |       0 |   0.0
            +---------+---------+-------+---------+---------+-------
